 Dungeon Crawl Stone Soup version 0.31-a0-626-g8143ab4f1d (webtiles) character file.

Game seed: 16945886340401593240

92626 Dittersdorf the Warrior (level 16, -18/110 HPs)
             Began as a Gargoyle Fighter on Aug 24, 2023.
             Was the Champion of Okawaru.
             Demolished by an enormous slime creature (30 damage)
             ... on level 12 of the Dungeon.
             The game lasted 00:33:52 (22214 turns).

Dittersdorf the Warrior (Gargoyle Fighter)         Turns: 22214, Time: 00:33:53

Health: -18/110    AC: 42    Str: 30    XL:     16   Next: 6%
Magic:  0/5        EV:  6    Int: 10    God:    Okawaru [******]
Gold:   1214       SH: 32    Dex: 15    Spells: 15/15 levels left

rFire   + . .        D - +9 morningstar of Recklessness {antimagic, *Slow Dex+9 SInv}
rCold   + . .        n - +18 shield of the Gong {Loud rN+ Will+ rCorr EV-5}
rNeg    + + .        E - +1 gold dragon scales
rPois   ∞            A - +1 helmet
rElec   +            u - +0 cloak
rCorr   +            (no gloves)
SInv    +            a - +3 pair of boots "Goku Zuo" {+Inv rPois Str+3 Dex-3}
Will    ++...        B - amulet of guardian spirit Stlth
                     y - +5 ring of evasion
HPRegen 0.38/turn    h - +4 ring of slaying
MPRegen 0.09/turn

%: slow self (1%), guardian spirit
@: flying, slowed, very slow
A: sickness immunity, AC +12, big wings, negative energy resistance 1,
electricity resistance, torment resistance 1, petrification resistance
a: Renounce Religion, Evoke Invisibility, Heroism, Finesse, Duel


You were on level 12 of the Dungeon.
You worshipped Okawaru.
Okawaru was exalted by your worship.
You visited 4 branches of the dungeon, and saw 20 of its levels.
You also visited: Volcano.

You collected 2654 gold pieces.
You spent 1440 gold pieces at shops.

Inventory:

Hand Weapons
 f - a +3 eveningstar of protection
 D - the +9 morningstar of Recklessness (weapon) {antimagic, *Slow Dex+9 SInv}
   (Okawaru gifted it to you on level 9 of the Dungeon)

   Dex+9:     It affects your dexterity (+9).
   SInv:      It lets you see invisible.
   *Slow:     It may slow you when you take damage.
Missiles
 x - 4 throwing nets
Armour
 a - the +3 pair of boots "Goku Zuo" (worn) {+Inv rPois Str+3 Dex-3}
   (Okawaru gifted it to you on level 1 of the Lair of Beasts)

   Str+3:     It affects your strength (+3).
   Dex-3:     It affects your dexterity (-3).
   rPois:     It protects you from poison +Inv: It lets you turn invisible.
 n - the +18 shield of the Gong (worn) {Loud rN+ Will+ rCorr EV-5}
   (You found it on level 5 of the Lair of Beasts)

   Loud:      It is deafeningly noisy when blocking attacks.
   EV-5:      It affects your evasion (-5).
   rN+:       It protects you from negative energy.
   Will+:     It increases your willpower.
   rCorr:     It protects you from acid and corrosion.
 q - the +5 kite shield of Recklessness {rC++ Dex+2}
   (Okawaru gifted it to you on level 2 of the Lair of Beasts)

   Dex+2:     It affects your dexterity (+2).
   rC++:      It greatly protects you from cold.
 u - a +0 cloak (worn)
 A - a +1 helmet (worn)
 E - +1 gold dragon scales (worn)
Jewellery
 h - a +4 ring of slaying (right hand)
 l - a ring of wizardry
 t - the ring "Mogeheot" {Ice Fly rCorr Str+2 Slay-2}
   (You found it on level 3 of the Dungeon)

   [ring of ice]

   Ice:       It enhances your ice magic.
   Str+2:     It affects your strength (+2).
   Slay-2:    It affects your accuracy & damage with ranged weapons and melee
   (-2).
   rF-:       It makes you vulnerable to fire.
   rC+:       It protects you from cold.
   Fly:       It grants you flight.
   rCorr:     It protects you from acid and corrosion.
 y - a +5 ring of evasion (left hand)
 B - an amulet of guardian spirit (around neck)
 C - a ring of positive energy
Scrolls
 b - a scroll of fear
 j - 2 scrolls of identify
 r - 6 scrolls of blinking
 v - 5 scrolls of fog
 w - 7 scrolls of teleportation
 z - a scroll of poison
 F - a scroll of silence
Potions
 c - 2 potions of enlightenment
 d - 5 potions of might
 e - 2 potions of berserk rage
 g - 12 potions of curing
 i - 2 potions of brilliance
 k - a potion of ambrosia
 m - 3 potions of magic
 o - 7 potions of heal wounds
 p - 5 potions of haste
 s - 3 potions of mutation


   Skills:
 + Level 15.8 Fighting
 + Level 14.5 Maces & Flails
 + Level 15.8 Armour
 + Level 15.8 Shields


You had 15 spell levels left.
You didn't know any spells.
Your spell library contained the following spells:

 Spells                   Type           Power      Damage    Failure   Level
 Slow                     Hex            0%         N/A       100%        1
 Blink                    Tloc           0%         N/A       100%        2
 Poisonous Vapours        Pois/Air       0%         N/A       100%        2
 Scorch                   Fire           0%         2d5       100%        2
 Confusing Touch          Hex            0%         N/A       100%        3
 Dazzling Flash           Conj/Hex       0%         N/A       100%        3
 Mephitic Cloud           Conj/Pois/Air  0%         N/A       100%        3
 Vampiric Draining        Necr           0%         2d6       100%        3
 Vhi's Electric Charge    Tloc/Air       0%         N/A       100%        3
 Flame Wave               Conj/Fire      0%         2d4       100%        4
 Manifold Assault         Tloc           0%         N/A       100%        4
 Agony                    Necr           0%         N/A       100%        5
 Arcjolt                  Conj/Air       0%         1d10      100%        5
 Freezing Cloud           Conj/Ice/Air   0%         6-21      100%        5
 Iskenderun's Battlesphe  Conj           0%         2d6       100%        5
 Silence                  Hex/Air        0%         N/A       100%        5
 Dispersal                Tloc           0%         N/A       100%        6
 Leda's Unmaking          Conj/Erth      0%         9d1       100%        6
 Disjunction              Tloc           0%         N/A       100%        8
 Maxwell's Capacitive Co  Air            0%         ∞         100%        8
 Summon Cactus Giant      Summ           Unusable   N/A       N/A         6
 Spellforged Servitor     Conj/Summ      Unusable   N/A       N/A         7

Dungeon Overview and Level Annotations

Branches:
Dungeon (12/15)            Temple (1/1) D:5            Lair (5/5) D:8
 Shoals (0/4) Lair:3       Spider (0/4) Lair:2        Slime (0/5) Lair:4
    Orc (2/2) D:9             Elf (0/3) Orc:2       Volcano (visited)

Altars:
Ashenzari
Cheibriados
Dithmenos
Elyvilon
Gozag
Hepliaklqana
Kikubaaqudgha
Makhleb
Nemelex Xobeh
Okawaru
Qazlal
Ru
Sif Muna
Trog
Uskayaw
Vehumet
Wu Jian
Xom
Yredelemnul
Zin
The Shining One

Shops:
D:2 (   D:4 =   Orc:1 *   Orc:2 (:*::

Annotations:
Lair:2 2 transporters
Lair:4 1 runed translucent door


Innate Abilities, Weirdness & Mutations

You are immune to sickness and miasma.
Your stone body is resilient. (AC +12)
You are immune to poison.
Your large and strong wings let you fly.
You resist negative energy. (rN+)
You are resistant to electric shocks. (rElec)
You are resistant to unholy torment.
You are immune to petrification.


Message History

You are too injured to fight recklessly!
You are too injured to fight recklessly!
You are too injured to fight recklessly!
You are too injured to fight recklessly!
You are too injured to fight recklessly!
You are too injured to fight recklessly!
You are too injured to fight recklessly!
You are too injured to fight recklessly!
You are too injured to fight recklessly!
You are too injured to fight recklessly!
You are too injured to fight recklessly!
You are too injured to fight recklessly!
You are too injured to fight recklessly!
You are too injured to fight recklessly!
You are too injured to fight recklessly!
You sock the enormous slime creature!
The enormous slime creature is heavily wounded.
The enormous slime creature hits you!!
* * * LOW HITPOINT WARNING * * *
You sock the enormous slime creature!
The enormous slime creature is heavily wounded.
You block the enormous slime creature's attack.
GONNNNG!
You completely miss the enormous slime creature.
The enormous slime creature is heavily wounded.
The enormous slime creature hits you!!
* * * LOW HITPOINT WARNING * * *
A wraith comes into view.
You sock the enormous slime creature!
The enormous slime creature is severely wounded.
You block the enormous slime creature's attack.
GONNNNG!
The enormous slime creature barely misses you.
The boulder beetle curls into a ball and begins rolling!
You block the enormous slime creature's attack.
BOUMMMMG!
The boulder beetle stops rolling and uncurls.
The enormous slime creature attacks as it pursues you!
The enormous slime creature hits you!!
You die...

###
..##############
#.##.........(.#
#.##.#########.#
#.##.# #.#
#.##.# #.#
#.#####..†.####
#.#
#.hBWu.J@.....#
#.#
#...##########.#
#.# #.# # #.#
#.# #)### #...#
###.# #.# #.#


You could see a boulder beetle, a white ugly thing, an enormous slime creature,
a wraith and a howler monkey.

Vanquished Creatures
  Harold (Lair:2)
  Josephine (D:12)
  Erolcha (Orc:1)
  4 hydras
  4 catoblepae
  Erica (D:8)
  A two-headed ogre (D:9)
  3 boulder beetles
  A deep troll shaman (Lair:5)
  17 death yaks
  3 orc high priests
  2 skysharks
  Pikel (D:5)
  A lindwurm (Lair:5)
  A deep elf archer (Volcano)
  9 deep elf pyromancers
  7 orc sorcerers
  6 orc knights
  3 manticores
  3 cyclopes
  An oklob plant (Lair:3)
  16 elephants
  2 slime creatures (D:12)
  8 black mambas
  A gargoyle (D:11)
  2 torpor snails
  Jeremiah (D:8)
  18 cane toads
  Psyche (D:8)
  12 rime drakes
  10 komodo dragons
  4 unseen horrors
  A yaktaur (D:10)
  5 trolls
  8 polar bears
  2 hornets (D:10)
  Prince Ribbit (D:6)
  34 blink frogs
  8 dream sheep
  7 culicivoras (Lair:2)
  3 shadows
  6 wraiths
  Eustachio (D:4)
  3 wyverns
  43 yaks
  3 fire bats (Lair:4)
  An unseen horror simulacrum (D:9)
  9 fire elementals (Volcano)
  14 steam dragons
  7 basilisks
  4 vampire mosquitoes (D:12)
  2 acid dragons
  12 water moccasins
  2 hell hounds (Volcano)
  20 orc warriors
  3 ice beasts
  2 sky beasts (D:7)
  3 black bears
  8 ogres
  13 wolves
  9 centaurs
  A lemure (D:5)
  Blork the orc (D:5)
  3 kobold brigands
  5 scorpions
  13 bullfrogs
  A gnoll sergeant (D:9)
  3 wights (D:8)
  7 electric eels
  5 hounds
  5 sleepcaps
  3 jellies
  A gnoll bouda (D:6)
  19 orc priests
  26 orc wizards
  11 gnolls
  5 adders
  A shadow imp (D:6)
  3 white imps (D:9)
  A howler monkey simulacrum (D:9)
  An ufetubus (D:9)
  4 worms
  2 dart slugs (D:4)
  73 orcs
  5 endoplasms
  A giant cockroach (D:1)
  4 goblins
  3 hobgoblins
  2 jackals (D:5)
  21 kobolds
  6 quokkas
  2 ball pythons (D:1)
  15 bats
  8 frilled lizards
  4 rats
645 creatures vanquished.

Vanquished Creatures (others)
  8 orcs (D:9)
8 creatures vanquished.

Grand Total: 653 creatures vanquished

Notes
Turn   | Place    | Note
-------+----------+-------------------------------------------
     0 | D:1      | Dittersdorf the Gargoyle Fighter began the quest for the
                  | Orb.
     0 | D:1      | Reached XP level 1. HP: 14/14 MP: 1/1
   306 | D:1      | Reached XP level 2. HP: 19/19 MP: 2/2
   944 | D:2      | Reached XP level 3. HP: 23/23 MP: 3/3
  1113 | D:2      | Found Voschuasso's Antique Weapon Shoppe.
  2052 | D:3      | Reached XP level 4. HP: 18/29 MP: 4/4
  2175 | D:3      | Found a shadowy altar of Dithmenos.
  2292 | D:3      | Found a large runed translucent door.
  2292 | D:3      | Found a large runed translucent door.
  2635 | D:3      | Identified the ring "Mogeheot" {Ice Fly rCorr Str+2 Slay-2}
  2865 | D:3      | Found a sparkling altar of Nemelex Xobeh.
  2905 | D:3      | Found a shimmering altar of Xom.
  3051 | D:4      | Noticed Eustachio
  3081 | D:3      | Reached XP level 5. HP: 12/33 MP: 5/5
  3253 | D:4      | Killed Eustachio
  3254 | D:4      | Reached XP level 6. HP: 36/39 MP: 6/6
  3294 | D:4      | Found Ciarghasm's Jewellery Shoppe.
  3730 | D:3      | Reached skill level 5 in Fighting
  3748 | D:4      | Reached skill level 5 in Armour
  3748 | D:4      | Reached skill level 5 in Shields
  3748 | D:4      | Reached XP level 7. HP: 32/44 MP: 7/7
  4068 | D:5      | Entered Level 5 of the Dungeon
  4189 | D:5      | Found a staircase to the Ecumenical Temple.
  4207 | Temple   | Entered the Ecumenical Temple
  4225 | Temple   | Became a worshipper of Warmaster Okawaru
  4507 | D:5      | Noticed Pikel
  4531 | D:5      | Killed Pikel
  4531 | D:5      | Reached * piety under Okawaru
  4532 | D:5      | Reached skill level 5 in Maces & Flails
  4532 | D:5      | Reached XP level 8. HP: 14/52 MP: 8/8
  4874 | D:5      | Reached ** piety under Okawaru
  4938 | D:5      | Noticed Blork the orc
  4946 | D:5      | Killed Blork the orc
  5116 | D:6      | Noticed Prince Ribbit
  5126 | D:6      | Killed Prince Ribbit
  5127 | D:6      | Reached XP level 9. HP: 37/57 MP: 9/9
  5757 | D:6      | Noticed a troll
  5760 | D:6      | Reached *** piety under Okawaru
  5770 | D:6      | Killed a troll
  6539 | D:7      | Reached XP level 10. HP: 58/64 MP: 10/10
  6801 | D:7      | Reached **** piety under Okawaru
  7230 | D:8      | Noticed Psyche
  7243 | D:8      | Killed Psyche
  7378 | D:8      | Identified the +1 whip "Goubrate" {flame, *Slow rC+ Int+2}
  7440 | D:8      | Noticed Jeremiah
  7442 | D:8      | Noticed Erica
  7453 | D:8      | Killed Jeremiah
  7466 | D:8      | Killed Erica
  7603 | D:8      | Found a shimmering blue altar of Sif Muna.
  7710 | D:8      | Identified the +1 pair of gloves "Quge" {Drain rC++ Will+}
  7838 | D:8      | Reached ***** piety under Okawaru
  8226 | D:8      | Found a staircase to the Lair.
  8570 | D:8      | Received a gift from Okawaru
  8571 | D:8      | Reached XP level 11. HP: 60/71 MP: 11/11
  9021 | D:9      | Reached skill level 10 in Fighting
  9021 | D:9      | Reached skill level 10 in Armour
  9021 | D:9      | Reached skill level 10 in Shields
  9077 | D:9      | Found a glowing silver altar of Zin.
  9275 | D:9      | Noticed a two-headed ogre
  9284 | D:9      | Killed a two-headed ogre
  9336 | D:9      | Identified the +9 morningstar of Recklessness {antimagic,
                  | *Slow Dex+9 SInv} (Okawaru gifted it to you on level 9 of
                  | the Dungeon)
  9336 | D:9      | Received a gift from Okawaru
  9571 | D:9      | Found a staircase to the Orcish Mines.
  9786 | D:10     | Entered Level 10 of the Dungeon
 10136 | D:10     | Noticed a boulder beetle
 10150 | D:10     | Killed a boulder beetle
 10160 | D:10     | Noticed a cyclops
 10167 | D:10     | Killed a cyclops
 10535 | D:10     | Noticed a manticore
 10551 | D:10     | Killed a manticore
 10552 | D:10     | Reached XP level 12. HP: 36/80 MP: 4/12
 11018 | Lair:1   | Entered Level 1 of the Lair of Beasts
 11037 | D:8      | Reached ****** piety under Okawaru
 11038 | D:8      | Reached skill level 10 in Maces & Flails
 11285 | Lair:1   | Identified the +3 pair of boots "Goku Zuo" {+Inv rPois
                  | Str+3 Dex-3} (Okawaru gifted it to you on level 1 of the
                  | Lair of Beasts)
 11285 | Lair:1   | Received a gift from Okawaru
 12353 | Lair:2   | Noticed a skyshark
 12362 | Lair:2   | Killed a skyshark
 12493 | Lair:2   | Noticed a catoblepas
 12505 | Lair:2   | Killed a catoblepas
 12506 | Lair:2   | Found a transporter.
 12592 | Lair:2   | Found a hole to the Spider Nest.
 12750 | Lair:2   | Noticed Harold
 12757 | Lair:2   | Killed Harold
 12758 | Lair:2   | Reached XP level 13. HP: 61/86 MP: 4/13
 12907 | Lair:2   | Identified the +5 kite shield of Recklessness {rC++ Dex+2}
                  | (Okawaru gifted it to you on level 2 of the Lair of Beasts)
 12907 | Lair:2   | Received a gift from Okawaru
 13034 | Lair:2   | Found a transporter.
 14130 | Lair:3   | Received a gift from Okawaru
 14508 | Lair:3   | Received a gift from Okawaru
 14515 | Lair:3   | Gained mutation: Your large and strong wings let you fly.
                  | [Gargoyle growth]
 14515 | Lair:3   | Reached XP level 14. HP: 50/94 MP: 3/14
 14854 | Lair:3   | Found a staircase to the Shoals.
 15458 | Lair:4   | Received a gift from Okawaru
 15476 | Lair:4   | Found a shimmering altar of Xom.
 15826 | Lair:4   | Found a runed translucent door.
 15826 | Lair:4   | Found a staircase to the Slime Pits.
 15826 | Lair:4   | Noticed an azure jelly
 15826 | Lair:4   | Noticed an azure jelly
 15927 | Lair:4   | Found a dark tunnel.
 15938 | Volcano  | Entered a volcano
 16250 | Volcano  | Received a gift from Okawaru
 17116 | Lair:4   | Received a gift from Okawaru
 17284 | Lair:4   | Reached XP level 15. HP: 101/101 MP: 5/15
 17425 | Lair:5   | Entered Level 5 of the Lair of Beasts
 17426 | Lair:5   | Found a snail-covered altar of Cheibriados.
 18009 | Lair:5   | Reached skill level 15 in Fighting
 18083 | Lair:5   | Reached skill level 15 in Armour
 18326 | Lair:5   | Reached skill level 15 in Shields
 18450 | Lair:5   | Received a gift from Okawaru
 18550 | Lair:5   | Found the +18 shield of the Gong {Loud rN+ Will+ rCorr
                  | EV-5}
 19005 | Orc:1    | Entered Level 1 of the Orcish Mines
 19594 | Orc:2    | Entered Level 2 of the Orcish Mines
 19594 | Orc:2    | Found Vumnyhiu's Antique Weapon Shop.
 20202 | Orc:1    | Noticed Erolcha
 20214 | Orc:1    | Killed Erolcha
 20280 | Orc:1    | Found Gaxex's Goods Gallery.
 20295 | Orc:1    | Bought +0 gold dragon scales for 1440 gold pieces
 20549 | Orc:2    | Found a staircase to the Elven Halls.
 20973 | Orc:1    | Received a gift from Okawaru
 21318 | Orc:2    | Found Fawneumu's Book Emporium.
 21318 | Orc:2    | Found Warimu Byi's Book Emporium.
 21319 | Orc:2    | Found Larr's Book Boutique.
 21342 | Orc:2    | Found Arem's General Store.
 22153 | D:12     | Reached XP level 16. HP: 110/110 MP: 5/16
 22180 | D:12     | Noticed Josephine
 22188 | D:12     | Killed Josephine
 22214 | D:12     | Demolished by an enormous slime creature

Illustrated notes

Levels and vault maps discovered:
D:1:      sevenhm_arrival_forest_fort_large_2, layout_rooms
D:2:      layout_loops_corners, serial_shops, nicolae_shop_hallway_plus,
          corner_web_ring, lexackson_kobold_supper
D:3:      layout_basic, jmf_multi_god_temple2, amcnicky_altar_gilded
D:4:      layout_rooms, serial_shops, shop, kennysheep_orc_chapel,
          uniq_eustachio
D:5:      layout_rooms, minmay_temple_entry_purple_smoke, skrybe_limestone_x,
          st_stairs_13, uniq_blork_the_orc, uniq_pikel
D:6:      minmay_cornered_nines, layout_basic, uniq_prince_ribbit1
D:7:      layout_loops_corners, lightli_minifort
D:8:      layout_cave_pods, general_overflow_altar, erik_lair_dragon,
          uniq_erica, uniq_psyche, uniq_jeremiah
D:9:      layout_irregular_city, nicolae_overflow_hidden_temple, erik_orc_2,
          serial_ice, serial_ice_c, serial_ice_b, serial_ice_j, serial_ice_d,
          bh_walls_and_bars
D:10:     kennysheep_blocky_room, layout_cave_pods, serial_bayou_pond_d
D:11:     layout_cave_pools
D:12:     layout_loops_ring, uniq_josephine
Temple:   eino_temple_scatter_basement
Lair:1:   layout_cave_pods, lemuel_fruit_fields
Lair:2:   gammafunk_cloud_chamber, layout_cave_shapes,
          hellmonk_spider_entry_life_and_decay, bobbens_dragon_lair_wall,
          infiniplex_staircase_pool_2, uniq_harold
Lair:3:   minmay_lair_oklob_chamber, layout_cave_pods, shoals_dummy_entry,
          grunt_megastairs_5, infiniplex_staircase_pool, serial_bayou_shore_a
Lair:4:   nzn_winding_woodlands_stair_cross [nzn_winding_woodlands_5x15_default,
          nzn_winding_woodlands_center_pierced_h,
          nzn_winding_woodlands_5x15_longhouse, nzn_winding_woodlands_hourglass,
          nzn_winding_woodlands_5x5_cross,
          nzn_winding_woodlands_5x15_split_checker,
          nzn_winding_woodlands_center_diamonds,
          nzn_winding_woodlands_5x15_river_crossing], layout_gridlike,
          slime_entry_2, basic_altar, nicolae_volcano_entry_batcave
Lair:5:   grunt_lair_end_beastmaster, layout_regular_city, basic_altar,
          st_stairs_6
Orc:1:    layout_caves, nicolae_alphabet_shops, nicolae_orc_damp_corner,
          uniq_erolcha
Orc:2:    st_orc_elflike, layout_caves, serial_shops, nicolae_shop_dealshenge,
          basic_altar, mines_bat_river

Skill      XL: |  1  2  3  4  5  6  7  8  9 10 11 12 13 14 15 |
---------------+----------------------------------------------+-----
Fighting       | 4 5 6 7 8 9 11 12 13 14 15 | 15.8
Armour         | 4 5 6 8 9 11 12 13 14 15 | 15.8
Shields        | 4 5 6 8 9 11 12 13 14 15 | 15.8
Maces & Flails | 3 4 5 7 8 9 11 12 13 14 | 14.5

Action                     |  1- 3 |  4- 6 |  7- 9 | 10-12 | 13-15 | 16-18 || total
---------------------------+-------+-------+-------+-------+-------+-------++-------
  Melee: Flail             |   344 |    96 |       |       |       |       ||   440
         Morningstar       |       |    43 |   288 |   435 |  1198 |    52 ||  2016
         Unarmed           |       |       |       |     9 |       |       ||     9
         Demon whip        |       |       |       |   182 |       |       ||   182
  Throw: Dart              |       |       |     4 |     1 |       |       ||     5
 Invoke: Heroism           |       |       |       |       |    10 |       ||    10
  Evoke: Wand              |       |       |       |     8 |       |       ||     8
    Use: Scroll            |       |     9 |     5 |     5 |     8 |       ||    27
         Potion            |       |       |       |       |     5 |       ||     5
   Stab: Petrified         |       |       |       |       |     3 |       ||     3
 Armour: Scale mail        |   101 |    37 |       |       |       |       ||   138
         Chain mail        |       |    37 |   134 |       |    57 |       ||   228
         Plate armour      |       |       |    16 |   299 |   323 |       ||   638
         Skin              |       |       |       |     3 |       |       ||     3
         Ring mail         |       |       |       |       |   102 |       ||   102
         Gold dragon scale |       |       |       |       |    52 |     3 ||    55
  Dodge: Dodged            |    58 |    46 |    89 |   311 |   396 |     6 ||   906
  Block: Kite shield       |   107 |    91 |   145 |   356 |  1303 |    50 ||  2052

Table legend: (Time is in decaauts)
 A = Elapsed time spent in this place.
 B = Non-inter-level travel time spent in this place.
 C = Inter-level travel time spent in this place.
 D = Time resting spent in this place.
 E = Time spent auto-exploring this place.
 F = Levels seen in this place.
 G = Mean time per level.
                   A        B        C        D        E       F      G
               +--------+--------+--------+--------+--------+-----+--------+
         Total |  22464 |  21201 |   1263 |   3745 |  11645 |  21 | 1069.7 |
       Dungeon |  12540 |  11654 |    886 |   1565 |   7151 |  12 | 1045.0 |
        Temple |     36 |      2 |     34 |      0 |      0 |   1 |   36.0 |
          Lair |   6986 |   6769 |    217 |   1074 |   3715 |   5 | 1397.2 |
  Orcish Mines |   2155 |   2029 |    126 |    643 |    763 |   2 | 1077.5 |
       Volcano |    744 |    744 |      0 |    462 |     16 |   1 |  744.0 |
               +--------+--------+--------+--------+--------+-----+--------+

Top non-repeatable levels by time:
     D:8: 1806 daAuts
  Lair:2: 1645 daAuts
  Lair:3: 1568 daAuts
     D:3: 1474 daAuts
     D:9: 1431 daAuts
     D:2: 1391 daAuts
  Lair:5: 1356 daAuts
  Lair:4: 1308 daAuts
   Orc:1: 1247 daAuts
     D:7: 1154 daAuts
    D:10: 1115 daAuts
  Lair:1: 1107 daAuts
     D:6: 1022 daAuts
     D:5: 911 daAuts
   Orc:2: 907 daAuts
